 Dungeon Crawl Stone Soup version 0.29.1-15-g9cfb28693d (webtiles) character file.

Game seed: 10361923205512573160

86 leafyfresh the Sneak (level 4, -11/33 HPs)
             Began as an Octopode Delver on Mar 4, 2023.
             Was an Initiate of Ashenzari.
             Mangled by an ogre
             ... wielding a +0 giant club
              (22 damage)
             ... on level 5 of the Dungeon.
             The game lasted 00:00:43 (512 turns).

leafyfresh the Sneak (Octopode Delver)               Turns: 512, Time: 00:00:43

Health: -11/33     AC:  1    Str: 11    XL:     4   Next: 49%
Magic:  4/4        EV: 14    Int: 12    God:    Ashenzari [......]
Gold:   46         SH:  0    Dex: 15    Spells: 3/3 levels left

rFire   . . .      SeeInvis .   a - +0 short sword
rCold   . . .      Faith    .   (no shield)
rNeg    . . .      Spirit   .   (helmet restricted)
rPois   .          Reflect  .   (no amulet)
rElec   .          Harm     .   (no ring)
rCorr   .          Rampage  .   (no ring)
Will    .....                   (no ring)
Stlth   +++++.....              (no ring)
HPRegen 0.11/turn               (no ring)
MPRegen 0.09/turn               (no ring)
                                (no ring)
                                (no ring)

@: no status effects
A: almost no armour, amphibious, 8 rings, camouflage 1, gelatinous body 1,
(nimble swimmer 1), tentacles
a: Renounce Religion


You were on level 5 of the Dungeon.
You worshipped Ashenzari.
Ashenzari was noncommittal.
You visited 2 branches of the dungeon, and saw 2 of its levels.

You collected 46 gold pieces.

Inventory:

Hand Weapons
 a - a +0 short sword (weapon)
Wands
 f - a wand of digging (3)
Scrolls
 b - a scroll of fog
 c - a scroll of magic mapping
 d - a scroll of fear
 g - a scroll of brand weapon {unknown}
 h - a scroll of noise {unknown}
Potions
 e - a potion of haste


   Skills:
 + Level 3.8 Fighting
 - Level 2.0 Short Blades
 + Level 3.0 Dodging
 + Level 7.5 Stealth


You had 3 spell levels left.
You didn't know any spells.
Your spell library contained the following spells:

 Spells                   Type           Power      Damage    Failure   Level
 Static Discharge         Conj/Air       0%         3-3/arc   45%         2
 Lightning Bolt           Conj/Air       0%         1d11      100%        5
 Maxwell's Capacitive Co  Air            0%         ∞         100%        8


Dungeon Overview and Level Annotations

Branches:
Dungeon (5/15)             Temple (1/1) D:5

Altars:
Ashenzari
Cheibriados
Dithmenos
Fedhas
Gozag
Trog
Uskayaw
Vehumet
Wu Jian
Xom
Zin


Innate Abilities, Weirdness & Mutations

You cannot wear most types of armour.
You are amphibious.
You can wear up to eight rings at the same time.
Your skin changes colour to match your surroundings (Stealth+).
Your rubbery body absorbs attacks. (AC +1, EV +1)
((You are camouflaged when in or above water. (Stealth+)))
You have tentacles for arms and can constrict up to eight enemies at once.


Message History

You constrict the quokka. The quokka closely misses you. The quokka misses you.
You hit the quokka.
You kill the quokka!
Key pressed, stopping explore.
No target in view!
HP restored.
You see here a quokka corpse.
An iguana comes into view.
An iguana is nearby!
An iguana is nearby!
Found a scroll labelled VIAMOCU MAM YSK.
The helpless iguana fails to defend itself.
You impale the iguana!!
You kill the iguana!
Your Dodging skill increases to level 3!
No target in view!
You now have 46 gold pieces (gained 10).
h - a scroll labelled VIAMOCU MAM YSK No target in view!
An ogre and an ufetubus come into view.
There are monsters nearby!
The ogre shouts!
The ogre closely misses you.
You barely miss the ogre. The ogre barely misses you.
You hit the ogre. You squeeze the ogre!
The ogre is heavily wounded.
You hit the ogre. You squeeze the ogre.
The ogre is severely wounded.
The ogre hits you with a +0 giant club!!
Ouch! That really hurt!
The ufetubus shouts!
You are too injured to fight recklessly!
You are too injured to fight recklessly!
You are too injured to fight recklessly!
Unknown command.
You hit the ogre.
The ogre is severely wounded.
The ogre hits you with a +0 giant club!!
Ouch! That really hurt!
You die...

#. .. #. .## #.
5.. #. .?# ###
#.##.## ..# ..
#....O##.# .. .
#.#@.5.# .
#..###.#..#.....
. #.....#.## ##.
# #...# ##
####..## ...##.
#.....# #....
##.#...####
####.
##..#.#....# #.
##. #..##.####.#
... ....


You could see an ogre and an ufetubus.

Vanquished Creatures
  A bullfrog (D:5)
  An iguana (D:5)
  A quokka (D:5)
3 creatures vanquished.

Notes
Turn   | Place    | Note
-------+----------+-------------------------------------------
     0 | D:5      | leafyfresh the Octopode Delver began the quest for the Orb.
     0 | D:5      | Reached XP level 1. HP: 16/16 MP: 1/1
     8 | Temple   | Entered the Ecumenical Temple
   226 | Temple   | Became a worshipper of Ashenzari the Shackled
   278 | D:5      | Noticed a bullfrog
   284 | D:5      | Killed a bullfrog
   285 | D:5      | Reached skill level 7 in Stealth
   285 | D:5      | Reached XP level 2. HP: 9/22 MP: 2/2
   285 | D:5      | Reached XP level 3. HP: 12/27 MP: 3/3
   285 | D:5      | Reached XP level 4. HP: 14/33 MP: 4/4
   505 | D:5      | Noticed an ogre
   512 | D:5      | Mangled by an ogre

Illustrated notes

Levels and vault maps discovered:
D:5:      layout_rooms, minmay_temple_entry_offerings
Temple:   minmay_temple_curvy_loop

Skill      XL: |  1  2  3  4 |
---------------+-------------+-----
Stealth        | 7 |  7.5
Dodging        | 3 |  3.0
Fighting       | |  3.8
Short Blades   | |  2.0

Action                   |  1- 3 |  4- 6 || total
-------------------------+-------+-------++-------
Melee: Short sword       |     3 |     9 ||    12
       Tentacles         |     2 |     2 ||     4
       Constrict         |     1 |     1 ||     2
 Stab: Sleeping          |       |     1 ||     1
Armor: Skin              |     1 |       ||     1
Dodge: Dodged            |     4 |     6 ||    10
